 Dungeon Crawl Stone Soup version 0.27-a0-1188-g73eefd5def (webtiles) character file.

Game seed: 10844147211809556837

163 Zonian the Conjurer (level 5, -1/39 HPs)
             Began as a Draconian Conjurer on May 20, 2021.
             Slain by Grinder (4 damage)
             ... on level 4 of the Dungeon.
             The game lasted 00:06:16 (6651 turns).

Zonian the Conjurer (Draconian Conjurer)            Turns: 6651, Time: 00:06:18

Health: -1/39      AC:  5    Str: 10    XL:     5   Next: 20%
Magic:  0/8        EV: 12    Int: 19    God:
Gold:   138        SH:  0    Dex:  9    Spells: 6/9 levels left

rFire    . . .     SeeInvis .   f - +2 whip (drain)
rCold    . . .     Faith    .   (no shield)
rNeg     . . .     Spirit   .   (armour unavailable)
rPois    .         Reflect  .   (helmet restricted)
rElec    .         Harm     .   (no cloak)
rCorr    .         Rampage  .   (no gloves)
Will     .....                  (no boots)
Stlth    ++........             (no amulet)
HPRegen  0.13/turn              (no ring)
MPRegen  0.11/turn              (no ring)

@: no status effects
A: AC +5, unfitting armour, cold-blooded
a: no special abilities


You were on level 4 of the Dungeon.
You visited 1 branch of the dungeon, and saw 4 of its levels.

You collected 138 gold pieces.

Inventory:

Hand Weapons
 b - a +0 dagger
 f - a +2 whip of draining (weapon)
 j - a +0 dagger of electrocution
Missiles
 c - 16 boomerangs
Wands
 g - a wand of mindburst (9)
Scrolls
 a - a scroll of teleportation
Potions
 d - a potion of ambrosia {unknown}
 e - 2 potions of flight
 k - 2 potions of attraction {unknown}


   Skills:
 + Level 0.6 Fighting
 + Level 0.2 Short Blades
 + Level 0.5 Maces & Flails
 + Level 2.4 Dodging
 + Level 3.0 Stealth
 + Level 2.6 Spellcasting
 + Level 5.1 Conjurations


You had 6 spell levels left.
You knew the following spells:

 Your Spells              Type           Power      Damage    Failure   Level
a - Magic Dart            Conj           88%        1d7       1%          1
b - Searing Ray           Conj           44%        3d4       3%          2

Your spell library contained the following spells:

 Spells                   Type           Power      Damage    Failure   Level
 Beastly Appendage        Tmut           4%         N/A       16%         1
 Dazzling Flash           Conj/Hex       24%        N/A       17%         3
 Wereblood                Tmut           2%         N/A       24%         2
 Spider Form              Tmut/Pois      1%         N/A       43%         3
 Fulminant Prism          Conj/Hex       6%         3d7       50%         4
 Iskenderun's Mystic Bla  Conj/Tloc      12%        2d5       50%         4
 Ice Form                 Ice/Tmut       2%         N/A       85%         4
 Hydra Form               Tmut           1%         N/A       99%         5


Dungeon Overview and Level Annotations

Branches:
Dungeon (4/15)
 Temple: D:4-7

Altars:
Okawaru
Wu Jian

Annotations:
D:2 1 runed translucent door, Crazy Yiuf
D:4 Grinder


Innate Abilities, Weirdness & Mutations

Your plain brown scales are hard. (AC +5)
You cannot fit into any form of body armour.
You are cold-blooded and may be slowed by cold attacks.


Message History

Grinder is almost dead.
Grinder hits you.
Unknown command.
You barely miss Grinder.
Grinder is almost dead.
Grinder barely misses you.
You hit Grinder but do no damage.
Grinder is almost dead.
Grinder gestures at you.
You suddenly lose the ability to move!
Grinder gestures at you.
You shrug off the repeated paralysis!
Grinder hits you.
You writhe in agony.
Grinder says, "FISH!"
Grinder hits you!
You writhe in agony.
You can move again.
You barely miss Grinder.
Grinder is almost dead.
Grinder hits you but does no damage. Grinder barely misses you.
You hit Grinder.
Grinder is almost dead.
Grinder gestures at you.
You suddenly lose the ability to move!
Grinder gestures at you. You resist with significant effort.
Grinder hits you but does no damage. x2
Grinder hits you.
* * * LOW HITPOINT WARNING * * *
You writhe in agony.
* * * LOW HITPOINT WARNING * * *
You can move again.
Casting: Magic Dart (safe; 1% risk of failure)
Confirm with . or Enter, or press ? or * to list all spells.
Aiming: Magic Dart (safe; 1% risk of failure)
Press: ? - help, Shift-Dir - straight line, f/p - Grinder
Aim: Grinder (almost dead, 100% to hit)
The magic dart hits Grinder.
Grinder is almost dead.
Grinder hits you.
You die...

#.##.....##........###.#
#.####.####............#
#.................(#####
##................##
.................##
..........########
#........####
#...........#
#....5@!.##.# ##########
.. ##


You could see Grinder.

Vanquished Creatures
  Ijyb (D:4)
  An orc wizard (D:3)
  5 adders
  5 orcs (D:3)
  3 endoplasms (D:2)
  2 giant cockroaches (D:1)
  10 goblins
  6 hobgoblins
  8 jackals
  2 quokkas
  5 ball pythons
  4 bats
  5 frilled lizards (D:1)
  5 kobolds
  4 rats
66 creatures vanquished.

Notes
Turn   | Place    | Note
-------+----------+-------------------------------------------
     0 | D:1      | Zonian the Draconian Conjurer began the quest for the Orb.
     0 | D:1      | Reached XP level 1. HP: 14/14 MP: 3/3
   414 | D:1      | Reached XP level 2. HP: 20/20 MP: 1/5
  2400 | D:2      | Reached XP level 3. HP: 26/26 MP: 3/6
  2408 | D:2      | Learned a level 2 spell: Searing Ray
  2916 | D:2      | Found a runed translucent door.
  2917 | D:2      | Noticed Crazy Yiuf
  4050 | D:3      | Reached XP level 4. HP: 33/33 MP: 2/7
  5065 | D:3      | Reached skill level 5 in Conjurations
  5801 | D:3      | Found an ornate altar of the Wu Jian Council.
  6163 | D:4      | Found an iron altar of Okawaru.
  6173 | D:4      | Reached XP level 5. HP: 32/39 MP: 8/8
  6255 | D:4      | Noticed Ijyb
  6275 | D:4      | Killed Ijyb
  6623 | D:4      | Noticed Grinder
  6641 | D:4      | Paralysed by Grinder for 4 turns
  6646 | D:4      | Paralysed by Grinder for 5 turns
  6651 | D:4      | Slain by Grinder

Illustrated notes

Levels and vault maps discovered:
D:1:      saegor_arrival_under_anarchy, layout_basic
D:2:      layout_loops_ring, serial_bayou_ford_a, grunt_decor_arrowhead,
          kennysheep_decorative_pillar, uniq_crazy_yiuf_cottage
D:3:      layout_basic, nicolae_wu_jian_immortal_techniques, st_stairs_7,
          hangedman_glass_teeth
D:4:      layout_rooms, old_standard_altar, kennysheep_generic_room_11,
          uniq_grinder, uniq_eustachio, uniq_ijyb

Skill      XL: |  1  2  3  4  5 |
---------------+----------------+-----
Stealth        | 2 3 |  3.0
Dodging        | 2 |  2.4
Conjurations   | 5 |  5.1
Fighting       | |  0.6
Short Blades   | |  0.2
Maces & Flails | |  0.5
Spellcasting   | |  2.6

Action                   |  1- 3 |  4- 6 || total
-------------------------+-------+-------++-------
Melee: Dagger            |     6 |       ||     6
       Whip              |    25 |    49 ||    74
       Tailslap          |       |     3 ||     3
 Cast: Magic Dart        |    63 |    55 ||   118
       Searing Ray       |       |     2 ||     2
  Use: Scroll            |       |     4 ||     4
       Potion            |       |     3 ||     3
Armor: Skin              |     9 |    19 ||    28
Dodge: Dodged            |    22 |    16 ||    38

Table legend: (Time is in decaauts)
 A = Elapsed time spent in this place.
 B = Non-inter-level travel time spent in this place.
 C = Inter-level travel time spent in this place.
 D = Time resting spent in this place.
 E = Time spent auto-exploring this place.
 F = Levels seen in this place.
 G = Mean time per level.
                   A        B        C        D        E       F      G
               +--------+--------+--------+--------+--------+-----+--------+
         Total |   6666 |   6541 |    125 |   3060 |   2965 |   4 | 1666.5 |
       Dungeon |   6666 |   6541 |    125 |   3060 |   2965 |   4 | 1666.5 |
               +--------+--------+--------+--------+--------+-----+--------+

Top non-repeatable levels by time:
     D:1: 2391 daAuts
     D:2: 1929 daAuts
     D:3: 1812 daAuts
     D:4: 532 daAuts
